 Dungeon Crawl Stone Soup version 0.23-a0-577-g2b1de94 (webtiles) character file.

34 Leeroy the Charmwright (level 3, -1/28 HPs)
             Began as a Merfolk Skald on Dec 14, 2018.
             Slain by a quokka (3 damage)
             ... on level 2 of the Dungeon.
             The game lasted 00:05:41 (843 turns).

Leeroy the Charmwright (Merfolk Skald)               Turns: 843, Time: 00:05:42

Health: -1/28      AC:  7    Str: 11    XL:     3   Next: 31%
Magic:  6/6        EV:  9    Int: 17    God:
Gold:   89         SH:  0    Dex: 13    Spells: 0/6 levels left

rFire    . . .     SeeInvis .   a - +0 falchion
rCold    . . .     Gourm    .   (no shield)
rNeg     . . .     Faith    .   k - +0 scale mail
rPois    .         Spirit   .   (no helmet)
rElec    .         Reflect  .   (no cloak)
rCorr    .         Harm     .   w - +0 pair of gloves
MR       .....                  (no boots)
Stlth    ..........             (no amulet)
HPRegen  0.09/turn              v - +4 ring of intelligence
MPRegen  0.10/turn              (no ring)

@: no status effects
A: change form in water, swift swim, stealthy swim
a: no special abilities


You were on level 2 of the Dungeon.
You were not hungry.

You visited 1 branch of the dungeon, and saw 2 of its levels.

You collected 89 gold pieces.

Inventory:

Hand Weapons
 a - a +0 falchion (weapon)
 e - a +0 hunting sling
 o - a +0 dagger
 q - a +0 short sword
Missiles
 f - 73 arrows
 m - 19 bolts
 p - 26 stones (quivered)
 s - 17 sling bullets
Armour
 b - a +0 leather armour
 k - a +0 scale mail (worn)
 w - a +0 pair of gloves (worn)
Jewellery
 h - an uncursed ring of poison resistance
 r - an uncursed ring of magical power
 v - a +4 ring of intelligence (left hand)
Scrolls
 i - a scroll of enchant armour {unknown}
 n - a scroll of amnesia {unknown}
 t - a scroll of immolation {unknown}
Potions
 c - a potion of degeneration {unknown}
 j - a potion of curing {unknown}
 l - 2 potions of mutation {unknown}
Comestibles
 d - 3 rations
 g - 4 chunks of flesh


   Skills:
 + Level 2.5 Fighting
 + Level 2.7 Long Blades
 + Level 0.6 Armour
 + Level 3.0 Dodging
 + Level 2.3 Spellcasting
 + Level 3.7 Charms


You couldn't memorise any spells.
You knew the following spells:

 Your Spells              Type           Power        Failure   Level  Hunger
a - Infusion              Chrm           ##..         24%         1    #......
b - Shroud of Golubria    Chrm/Tloc      #.........   63%         2    ###....
c - Regeneration          Chrm/Necr      #.........   85%         3    ###....

Your spell library contained the following spells:

 Spells                   Type           Power        Failure   Level  Hunger
 Song of Slaying          Chrm           ##......     36%         2    ###....
 Spectral Weapon          Hex/Chrm       #.......     85%         3    ###....


Dungeon Overview and Level Annotations

Branches:
Dungeon (2/15)

Altars:


Message History

You closely miss the quokka.
The quokka bites you but does no damage.
You closely miss the quokka. The quokka bites you.
* * * LOW HITPOINT WARNING * * *
You hit the quokka.
The quokka is almost dead.
The quokka bites you.
* * * LOW HITPOINT WARNING * * *
The quokka barely misses you.
The frilled lizard bites you but does no damage.
Unknown command.
The quokka bites you.
* * * LOW HITPOINT WARNING * * *
Things that are here:
a chunk of flesh; a rat skeleton The quokka misses you.
You riposte.
You closely miss the quokka.
The quokka is almost dead.
The quokka bites you but does no damage.
The quokka bites you.
You die...

#.##...# #####........... #....
###.## #........÷.. ##..# #..###
##...........
#...######....###............
#.#.......÷.#.##..^..........
###. #......>.#.#..............
##. #............#.......#####
##..####............#########
..............lr@...........#####
#.##.%###.......#...#.#####.....#
....[## #.......#...#.######..###
..#.## #.......#...#.##.....##
......# #.>.....#........#####
#......#######.##...#..#####
#.......# #.##..........#
........# #..#..........#
........# ##............#


You could see a quokka and a frilled lizard.

Vanquished Creatures
  2 giant cockroaches (D:1)
  6 goblins (D:1)
  2 hobgoblins (D:1)
  4 kobolds (D:1)
  2 quokkas (D:2)
  7 bats
  2 frilled lizards (D:1)
  8 rats
33 creatures vanquished.

Notes
Turn   | Place    | Note
-------+----------+-------------------------------------------
     0 | D:1      | Leeroy the Merfolk Skald began the quest for the Orb.
     0 | D:1      | Reached XP level 1. HP: 16/16 MP: 3/3
   123 | D:1      | Reached XP level 2. HP: 11/22 MP: 5/5
   134 | D:1      | Learned a level 2 spell: Shroud of Golubria
   428 | D:1      | Reached XP level 3. HP: 12/28 MP: 6/6
   776 | D:2      | Learned a level 3 spell: Regeneration
   829 | D:2      | HP: 1/28 [quokka (4)]
   843 | D:2      | Slain by a quokka

Vault maps used:
D:1:      psy_arrival_fountain

Skill      XL: |  1  2  3 |
---------------+----------+-----
Dodging        | 3 |  3.0
Fighting       | |  2.5
Long Blades    | |  2.7
Armour         | |  0.6
Spellcasting   | |  2.3
Charms         | |  3.7

Action                   || total
-------------------------++-------
Melee: Falchion          ||   113
Throw: Stone             ||     6
 Cast: Shroud of Golubri ||     1
  Use: Scroll            ||     3
Armor: Leather armour    ||     6
       Scale mail        ||   103
Dodge: Dodged            ||    91
       Rpst.: Falchion   ||    28

Table legend:
 A = Non-vault XP
 B = Vault XP
 C = Vault XP percentage of total XP
 D = Non-vault monster count
 E = Vault monster count
 F = Vault count percentage of total count
                 A         B        C        D         E       F
            +---------+---------+-------+---------+---------+-------
      Total |      49 |       0 |   0.0 |      33 |       0 |   0.0
            +---------+---------+-------+---------+---------+-------
        D:1 |      40 |       0 |   0.0 |      26 |       0 |   0.0
        D:2 |       9 |       0 |   0.0 |       7 |       0 |   0.0
            +---------+---------+-------+---------+---------+-------
